 Dungeon Crawl Stone Soup version 0.31-a0-971-g75a2e9a4b4 (webtiles) character file.

Game seed: 3631719010086530330

309 Azuregosa the Sneak (level 6, 0/46 HPs)
             Began as an Octopode Delver on Oct 28, 2023.
             Succumbed to a water moccasin's poison
             ... on level 4 of the Dungeon.
             The game lasted 00:06:51 (660 turns).

Azuregosa the Sneak (Octopode Delver)                Turns: 660, Time: 00:06:51

Health: 0/46       AC:  1    Str: 11    XL:     6   Next: 41%
Magic:  6/6        EV: 13    Int: 12    God:
Gold:   22         SH:  0    Dex: 16    Spells: 5/5 levels left

rFire   . . .        g - +0 scimitar
rCold   . . .        (no shield)
rNeg    . . .        (helmet restricted)
rPois   .            (no amulet)
rElec   .            (no ring)
rCorr   .            (no ring)
SInv    .            (no ring)
Will    .....        (no ring)
Stlth   ++++         (no ring)
HPRegen 0.27/turn    (no ring)
MPRegen 0.10/turn    (no ring)
                     (no ring)

%: no passive effects
@: lethally poisoned (0 -> -1)
A: almost no armour, amphibious, 8 rings, camouflage 1, gelatinous body 1,
(nimble swimmer 1), tentacles
a: no special abilities


You were on level 4 of the Dungeon.
You visited 1 branch of the dungeon, and saw 4 of its levels.

You collected 22 gold pieces.

Inventory:

Hand Weapons
 a - a +0 mace
 g - a +0 scimitar (weapon)
Wands
 c - a wand of flame (1)
 f - a wand of digging (3)
Scrolls
 b - a scroll of fog
Potions
 e - a potion of haste


   Skills:
 + Level 6.2 Fighting
 + Level 2.8 Long Blades
 - Level 2.0 Maces & Flails
 - Level 2.0 Dodging
 - Level 6.6 Stealth


You had 5 spell levels left.
You didn't know any spells.
Your spell library contained the following spells:

 Spells                   Type           Power      Damage    Failure   Level
 Cigotuvi's Dreadful Rot  Necr/Pois/Air  0%         N/A       45%         2
 Dispel Undead            Necr           0%         3d6       97%         4
 Death Channel            Necr           0%         N/A       100%        6


Dungeon Overview and Level Annotations

Branches:
Dungeon (5/15)             Temple (0/1) D:5

Altars:

Annotations:
D:5 Duvessa


Innate Abilities, Weirdness & Mutations

You cannot wear most types of armour.
You are amphibious.
You can wear up to eight rings at the same time.
Your skin changes colour to match your surroundings (Stealth+).
Your rubbery body absorbs attacks. (AC +1, EV +1)
((You are camouflaged when in or above water. (Stealth+)))
You have tentacles for arms and can constrict up to eight enemies at once.


Message History

You constrict the water moccasin.
You kill the water moccasin!
You feel extremely sick.
Your Fighting skill increases to level 6!
Your Long Blades skill increases to level 2!
You have reached level 6!
There is a lethal amount of poison in your body!
Okay, then.
As you read the scroll labelled OCKOERISIJ, it crumbles to dust.
The air around you briefly surges with heat, but it dissipates.
It was a scroll of immolation.
* * * LOW HITPOINT WARNING * * *
You feel very sick.
* * * LOW HITPOINT WARNING * * *
You feel very sick.
* * * LOW HITPOINT WARNING * * *
You feel very sick.
You see here a scroll labelled GAACHOIZELL.
d - a scroll labelled GAACHOIZELL
* * * LOW HITPOINT WARNING * * *
You feel sick.
As you read the scroll labelled GAACHOIZELL, it crumbles to dust.
It is a scroll of identify.
You don't currently have any unidentified items.
* * * LOW HITPOINT WARNING * * *
You feel sick.
Found a stone staircase leading up.
* * * LOW HITPOINT WARNING * * *
You feel sick.
* * * LOW HITPOINT WARNING * * *
You feel sick.
* * * LOW HITPOINT WARNING * * *
You feel sick.
* * * LOW HITPOINT WARNING * * *
You feel sick.
There is a stone staircase leading up here.
* * * LOW HITPOINT WARNING * * *
You feel sick.
You climb upwards.
You die...

####.
....
....
#..#
####..#
#.>...#
#.....#
#....@#
#.....#
#.....#
#######


There were no monsters in sight!

Vanquished Creatures
  A water moccasin (D:5)
  A scorpion (D:4)
  A howler monkey (D:4)
  2 hounds (D:5)
  An iguana (D:5)
  2 adders
  A hobgoblin (D:4)
9 creatures vanquished.

Notes
Turn   | Place    | Note
-------+----------+-------------------------------------------
     0 | D:5      | Azuregosa the Octopode Delver began the quest for the Orb.
     0 | D:5      | Reached XP level 1. HP: 16/16 MP: 1/1
     5 | D:5      | Noticed a hound
    10 | D:5      | Killed a hound
    10 | D:5      | Noticed an iguana
    11 | D:5      | Reached XP level 2. HP: 13/22 MP: 2/2
    11 | D:5      | Reached XP level 3. HP: 16/27 MP: 3/3
   131 | D:4      | Noticed a scorpion
   147 | D:4      | Killed a scorpion
   148 | D:4      | Reached skill level 5 in Fighting
   148 | D:4      | Reached XP level 4. HP: 35/35 MP: 4/4
   311 | D:4      | Reached skill level 1 in Long Blades
   311 | D:4      | Reached XP level 5. HP: 40/40 MP: 5/5
   402 | D:4      | Noticed an ogre
   533 | D:5      | Noticed Duvessa
   643 | D:5      | Noticed a water moccasin
   649 | D:5      | Killed a water moccasin
   650 | D:5      | Reached XP level 6. HP: 17/46 MP: 6/6
   657 | D:5      | HP: 2/46 [poisoned by a water moccasin]
   660 | D:4      | Succumbed to a water moccasin's poison

Illustrated notes

Levels and vault maps discovered:
D:2:      layout_basic, roderic_lattice_a, minmay_fractal_squares_gapless_5,
          uniq_natasha
D:3:      layout_loops_corners, nicolae_gozag_seed_capital, serial_bayou,
          serial_bayou_shore_b, serial_bayou_crossing, serial_bayou_lake_a,
          serial_bayou_pond_c, st_stairs_5
D:4:      layout_gridville, mainiacjoe_overflow_concentric_impassable
D:5:      layout_loops_cross, minmay_temple_entry_tees, serial_shops, shop,
          uniq_grinder, uniq_duvessa, uniq_blork_the_orc

Skill      XL: |  1  2  3  4  5 |
---------------+----------------+-----
Fighting       | 4 5 6 |  6.2
Long Blades    | 1 2 |  2.8
Maces & Flails | |  2.0
Dodging        | |  2.0
Stealth        | |  6.6

Action                     |  1- 3 |  4- 6 || total
---------------------------+-------+-------++-------
  Melee: Mace              |     7 |    10 ||    17
         Constrict         |     2 |     7 ||     9
         Tentacles         |     2 |     7 ||     9
         Scimitar          |       |    10 ||    10
  Evoke: Wand              |     5 |     8 ||    13
    Use: Scroll            |     1 |     3 ||     4
   Stab: Sleeping          |       |     1 ||     1
 Armour: Skin              |     3 |    12 ||    15
  Dodge: Dodged            |     8 |    16 ||    24

Table legend: (Time is in decaauts)
 A = Elapsed time spent in this place.
 B = Non-inter-level travel time spent in this place.
 C = Inter-level travel time spent in this place.
 D = Time resting spent in this place.
 E = Time spent auto-exploring this place.
 F = Levels seen in this place.
 G = Mean time per level.
                   A        B        C        D        E       F      G
               +--------+--------+--------+--------+--------+-----+--------+
         Total |    669 |    669 |      0 |    206 |     63 |   4 |  167.2 |
       Dungeon |    669 |    669 |      0 |    206 |     63 |   4 |  167.2 |
               +--------+--------+--------+--------+--------+-----+--------+

Top non-repeatable levels by time:
     D:4: 387 daAuts
     D:5: 228 daAuts
     D:3: 52 daAuts
     D:2: 1 daAuts
